 Dungeon Crawl Stone Soup version 0.20.1-1-g8b1a95d66d (webtiles) character file.

97 Ivernyr the Vandal (level 5, -14/52 HPs)
             Began as a Halfling Hunter on Nov 18, 2017.
             Demolished by an orc
             ... wielding a +1 hand axe of electrocution
              (16 damage)
             ... on level 3 of the Dungeon.
             The game lasted 00:09:24 (2725 turns).

Ivernyr the Vandal (Halfling Hunter)                Turns: 2725, Time: 00:09:24

Health: -14/52     AC: 22    Str: 13    XL:     5   Next: 0%
Magic:  5/5        EV:  3    Int: 10    God:
Gold:   136        SH:  0    Dex: 15    Spells: 4/4 levels left

rFire    . . .     SeeInvis .   a - +1 hunting sling
rCold    . . .     Gourm    .   (shield restricted)
rNeg     + + +     Faith    .   (armour currently unavailable)
rPois    +         Spirit   .   (helmet currently unavailable)
rElec    .         Reflect  .   (cloak currently unavailable)
rCorr    .         Harm     .   (gloves currently unavailable)
MR       .....     NoTele   +   (boots currently unavailable)
Stlth    ++........             (no amulet)
Regen    0.2/turn               (no ring)
MPRegen  0.1/turn               (no ring)

@: tree-form
A: mutation resistance 1
a: no special abilities


You were on level 3 of the Dungeon.
You were hungry.
You were a tree.
You visited 1 branch of the dungeon, and saw 3 of its levels.

You collected 136 gold pieces.

Inventory:

Hand Weapons
 a - a +1 hunting sling (weapon)
 b - a +2 short sword of protection
Missiles
 d - 61 sling bullets
 e - 55 stones (quivered)
 q - 5 tomahawks
Armour
 c - a cursed +0 robe
 l - a cursed +0 ring mail (melded)
 n - a +1 pair of boots (melded)
Scrolls
 h - 2 scrolls of identify
 i - 3 scrolls of enchant armour
Potions
 o - a potion of curing {unknown}
 p - a potion of invisibility {unknown}
 r - a potion of brilliance {unknown}
Comestibles
 f - 2 bread rations
 j - 2 fruits


   Skills:
 + Level 2.6 Fighting
 * Level 7.3 Slings
 + Level 3.2 Dodging
 - Level 1.1 Stealth


You had 4 spell levels left.
You didn't know any spells.

Dungeon Overview and Level Annotations

Branches:
Dungeon (3/15)

Altars:

Annotations:
D:3 Grinder


Innate Abilities, Weirdness & Mutations

You are small and have problems with some larger weapons.
You are somewhat resistant to further mutation.


Message History

Your cursed +0 ring mail melds into your body.
Your roots penetrate the ground.
The orc hits you but does no damage.
Firing (i - inventory. (,) - cycle):
e - 58 stones (quivered)
Press: ? - help, Shift-Dir - straight line, f/p - Grinder
Aim: Grinder (severely wounded)
You shoot a stone. The stone hits Grinder.
Grinder is almost dead.
The orc hits you but does no damage.
You are electrocuted!
* * * LOW HITPOINT WARNING * * *
Grinder blinks!
Firing (i - inventory. (,) - cycle):
e - 57 stones (quivered)
Press: ? - help, Shift-Dir - straight line, f/p - Grinder
Aim: Grinder (almost dead)
You shoot a stone. The stone closely misses Grinder.
Firing (i - inventory. (,) - cycle):
e - 56 stones (quivered)
Press: ? - help, Shift-Dir - straight line, f/p - Grinder
Aim: Grinder (almost dead)
You shoot a stone. The stone completely misses Grinder.
The orc hits you but does no damage.
You are electrocuted!
You die...

#......#.###.
#............
#....(# ##+#.##
#o# #.# #####.#
#(o(((# #♣#####
#§# #.#######
#(......#
#.######5####.#
#.......((..#
#.###.#####.#
#.# # #.#


You could see Grinder and an orc.

Vanquished Creatures
  Terence (D:2)
  3 oozes (D:1)
  A dart slug (D:2)
  A leopard gecko (D:1)
  2 giant cockroaches
  5 hobgoblins
  10 jackals
  A ball python (D:1)
  7 bats
  4 frilled lizards
  5 goblins
  11 kobolds
  6 rats (D:1)
57 creatures vanquished.

Notes
Turn   | Place    | Note
-------+----------+-------------------------------------------
     0 | D:1      | Ivernyr the Halfling Hunter began the quest for the Orb.
     0 | D:1      | Reached XP level 1. HP: 14/14 MP: 1/1
    59 | D:1      | Reached skill level 6 in Slings
    96 | D:1      | Reached XP level 2. HP: 5/19 MP: 2/2
   633 | D:1      | Reached XP level 3. HP: 18/24 MP: 3/3
  1159 | D:1      | Reached XP level 4. HP: 30/30 MP: 4/4
  1805 | D:2      | Noticed Terence
  1829 | D:2      | Killed Terence
  1829 | D:2      | Reached skill level 7 in Slings
  2523 | D:3      | Found a faded altar of an unknown god.
  2610 | D:3      | Reached XP level 5. HP: 34/35 MP: 5/5
  2675 | D:3      | Noticed Grinder
  2692 | D:3      | Paralysed by Grinder for 6 turns
  2709 | D:3      | Paralysed by Grinder for 3 turns
  2723 | D:3      | HP: 1/52 [orc/hand axe of electrocution (8)]
  2725 | D:3      | Demolished by an orc

Skill      XL: |  1  2  3  4 |
---------------+-------------+-----
Slings         | 6 7 |  7.3
Fighting       | 2 |  2.6
Dodging        | 3 |  3.2
Stealth        | |  1.1

Action                   |  1- 3 |  4- 6 || total
-------------------------+-------+-------++-------
Melee: Short sword       |   136 |   100 ||   236
 Fire: Hunting sling     |       |    42 ||    42
  Use: Scroll            |       |     4 ||     4
       Potion            |       |     3 ||     3
 Stab: Sleeping          |     1 |     1 ||     2
  Eat: Chunk             |     1 |     4 ||     5
Armor: Leather armour    |    31 |    17 ||    48
       Ring mail         |       |    33 ||    33
       Skin              |       |     3 ||     3
Dodge: Dodged            |   130 |    86 ||   216
